 Dungeon Crawl Stone Soup version 0.28.0-62-gf88900778d (webtiles) character file.

Game seed: 9674305772586169625

46 Coron the Sneak (level 3, -7/34 HPs)
             Began as a Deep Dwarf Delver on Mar 28, 2023.
             Was a Follower of Nemelex Xobeh.
             Killed from afar by Ijyb (25 damage)
             ... with a bolt of acid
             ... on level 3 of the Dungeon.
             The game lasted 00:03:27 (495 turns).

Coron the Sneak (Deep Dwarf Delver)                  Turns: 495, Time: 00:03:28

Health: -7/34      AC:  5    Str: 17    XL:     3   Next: 46%
Magic:  2/2        EV: 12    Int: 10    God:    Nemelex Xobeh [*.....]
Gold:   50         SH:  0    Dex: 14    Spells: 2/2 levels left

rFire   . . .      SeeInvis .   a - +0 hand axe
rCold   . . .      Faith    .   (no shield)
rNeg    . . .      Spirit   .   b - +0 leather armour
rPois   .          Reflect  .   (no helmet)
rElec   .          Harm     .   m - +0 cloak
rCorr   .          Rampage  .   o - +0 pair of gloves
Will    .....                   (no boots)
Stlth   +++.......              (no amulet)
HPRegen 0.00/turn               (no ring)
MPRegen 0.08/turn               (no ring)

@: no status effects
A: damage resistance, heal wounds, sense surroundings 1, no regeneration
a: Heal Wounds, Renounce Religion, Draw Escape, Draw Destruction, Draw Summoning


You were on level 3 of the Dungeon.
You worshipped Nemelex Xobeh.
Nemelex Xobeh was aware of your devotion.
You visited 1 branch of the dungeon, and saw 3 of its levels.

You collected 50 gold pieces.

Inventory:

Hand Weapons
 a - a +0 hand axe (weapon)
Missiles
 j - 36 stones
 k - 27 sling bullets
Armour
 b - a +0 leather armour (worn)
 m - a +0 cloak (worn)
 o - a +0 pair of gloves (worn)
Wands
 g - a wand of digging (3)
Scrolls
 c - a scroll of fog
 d - a scroll of magic mapping
 e - 2 scrolls of fear
 h - a scroll of silence {unknown}
 n - 2 scrolls of noise {unknown}
 p - a scroll of vulnerability {unknown}
 q - a scroll of identify {unknown}
Potions
 f - a potion of haste
 i - a potion of curing {unknown}
 l - a potion of attraction {unknown}
 r - a potion of flight {unknown}


   Skills:
 - Level 3.0 Fighting
 - Level 3.0 Axes
 + Level 1.5 Armour
 - Level 3.0 Dodging
 - Level 6.0 Stealth


You had 2 spell levels left.
You didn't know any spells.
Your spell library contained the following spells:

 Spells                   Type           Power      Damage    Failure   Level
 Animate Skeleton         Necr           0%         N/A       41%         1
 Apportation              Tloc           0%         N/A       41%         1
 Summon Small Mammal      Summ           0%         N/A       41%         1


Dungeon Overview and Level Annotations

Branches:
Dungeon (5/15)
 Temple: D:4-7

Altars:
Ashenzari
Nemelex Xobeh
Okawaru
Yredelemnul
Zin

Annotations:
D:3 Ijyb


Innate Abilities, Weirdness & Mutations

You are resistant to damage.
You can heal yourself by infusing magical energy.
You passively map a small area around you.
You do not regenerate.


Message History

Nemelex Xobeh accepts your prayer! Nemelex Xobeh welcomes you!
You can now draw from decks of power.
Nemelex will now gift you decks of power as you gain piety.
Nemelex Xobeh deals you some cards!
You now have 3 escape cards, 6 destruction cards and 3 summoning cards.
Okay, then.
Okay, then.
Ijyb the Twisted Goblin comes into view.
She is wielding a +0 dagger and carrying a wand of acid (6).
There is a huge open gate here.
There is a huge open gate here.
An endoplasm comes into view.
A jackal comes into view.
The endoplasm quivers.
A jackal comes into view.
The endoplasm freezes you.
You are frozen.
The helpless Ijyb fails to defend herself.
You hit Ijyb.
Ijyb is lightly wounded.
You barely miss the endoplasm.
The jackal barks!
The endoplasm freezes you.
You are frozen.
Ijyb hits you with a +0 dagger.
The jackal barks!
You hit Ijyb.
Ijyb is moderately wounded.
You hit the endoplasm.
You hear a shout!
The endoplasm hits you.
Ijyb zaps a wand.
The bolt of acid misses you. The endoplasm freezes you.
You are frozen.
You hit Ijyb.
Ijyb is heavily wounded.
You hit the endoplasm.
You kill the endoplasm!
Ijyb zaps a wand.
The bolt of acid hits you!!
Ouch! That really hurt!
You die...
Your body disappears without a glow.

...........###.....
###.#......#.......
##.#.######.#..### ,
................. #
#.#.######.######
*#.######.#+###..........
...................#####
..#....$...........# #
..hh...@....'''''..# #
.##...g.....'''''..# *
###.......''_''..# * *
#.......'''''..# ,*
######..''''''## **
#.#<.....# ,...#....#.# *
....#.####.# ...,.. , .#


You could see Ijyb and 2 jackals.

Vanquished Creatures
  A hound (D:5)
  A bat (D:3)
  3 endoplasms (D:3)
  3 giant cockroaches (D:3)
  2 goblins (D:3)
  A quokka (D:3)
  2 ball pythons (D:3)
  A rat (D:3)
14 creatures vanquished.

Vanquished Creatures (others)
  A plant (D:3)
1 creature vanquished.

Grand Total: 15 creatures vanquished

Notes
Turn   | Place    | Note
-------+----------+-------------------------------------------
     0 | D:5      | Coron the Deep Dwarf Delver began the quest for the Orb.
     0 | D:5      | Reached XP level 1. HP: 20/20 MP: 1/1
    67 | D:5      | Noticed a hound
    93 | D:5      | Killed a hound
    94 | D:5      | Reached XP level 2. HP: 14/28 MP: 2/2
    94 | D:5      | Reached XP level 3. HP: 17/34 MP: 3/3
    96 | D:5      | Noticed an orc warrior
   350 | D:3      | Reached skill level 1 in Armour
   366 | D:3      | Found a basalt altar of Yredelemnul.
   367 | D:3      | Found a broken altar of Ashenzari.
   367 | D:3      | Found a glowing silver altar of Zin.
   368 | D:3      | Found an iron altar of Okawaru.
   481 | D:3      | Found a faded altar of an unknown god.
   485 | D:3      | Prayed at the altar of an unknown god.
   485 | D:3      | Became a worshipper of Nemelex Xobeh the Trickster
   485 | D:3      | Reached * piety under Nemelex Xobeh
   485 | D:3      | Received a gift from Nemelex Xobeh
   486 | D:3      | Noticed Ijyb
   495 | D:3      | Killed from afar by Ijyb

Illustrated notes

Levels and vault maps discovered:
D:3:      cheibrodos_old_hovel, layout_basic,
          chequers_temple_overflow_statue_of_worship,
          hellmonk_ecumenical_altar_heavens_door, grunt_decor_cap,
          minmay_misc_feat_alley, uniq_ijyb
D:4:      wander_river, layout_rooms, temple_hall
D:5:      layout_basic, gammafunk_ghost_hive

Skill      XL: |  1  2  3 |
---------------+----------+-----
Fighting       | 3 |  3.0
Axes           | 3 |  3.0
Dodging        | 3 |  3.0
Armour         | 1 |  1.5
Stealth        | |  6.0

Action                   || total
-------------------------++-------
Melee: Hand axe          ||    55
       Punch             ||     1
 Abil: Heal Wounds       ||     1
 Stab: Sleeping          ||     6
Armor: Leather armour    ||    11
Dodge: Dodged            ||    45
